 Dungeon Crawl Stone Soup version 0.29-a0-40-g8eb35efe60 (webtiles) character file.

Game seed: 15484004434439666790

21 Armakuni the Shield-Bearer (level 2, 0/18 HPs)
             Began as a Deep Elf Fighter on Feb 1, 2022.
             Succumbed to an adder's poison
             ... on level 2 of the Dungeon.
             The game lasted 00:01:51 (948 turns).

Armakuni the Shield-Bearer (Deep Elf Fighter)        Turns: 948, Time: 00:01:52

Health: 0/18       AC:  6    Str: 13    XL:     2   Next: 65%
Magic:  4/4        EV:  8    Int: 12    God:
Gold:   0          SH:  4    Dex: 14    Spells: 1/1 levels left

rFire   . . .      SeeInvis .   a - +0 rapier
rCold   . . .      Faith    .   c - +0 buckler
rNeg    . . .      Spirit   .   e - +0 scale mail
rPois   .          Reflect  .   (no helmet)
rElec   .          Harm     .   (no cloak)
rCorr   .          Rampage  .   (no gloves)
Will    .....                   (no boots)
Stlth   ..........              (no amulet)
HPRegen 0.06/turn               (no ring)
MPRegen 0.09/turn               (no ring)

@: lethally poisoned (0 -> -13)
A: no striking features
a: no special abilities


You were on level 2 of the Dungeon.
You visited 1 branch of the dungeon, and saw 2 of its levels.

Inventory:

Hand Weapons
 a - a +0 rapier (weapon)
Armour
 c - a +0 buckler (worn)
 e - a +0 scale mail (worn)
Magical Staves
 b - a staff of air
Scrolls
 h - a scroll of fog
Potions
 d - a potion of might
 g - a potion of curing


   Skills:
 + Level 2.7 Fighting
 + Level 2.5 Short Blades
 - Level 2.4 Armour
 + Level 2.7 Shields


You had one spell level left.
You didn't know any spells.
Your spell library contained the following spells:

 Spells                   Type           Power      Damage    Failure   Level
 Conjure Flame            Conj/Fire      0%         6-21      99%         3
 Ignite Poison            Fire/Tmut/Pois 0%         N/A       99%         3
 Sticky Flame             Conj/Fire      0%         2d3       100%        4


Dungeon Overview and Level Annotations

Branches:
Dungeon (2/15)

Altars:


Message History

You hit the hobgoblin.
You kill the hobgoblin!
No target in view!
There is an empty arch of ancient stone here.
Done exploring.
Done exploring.
There is a stone staircase leading down here.
You climb downwards.
The adder hisses angrily.
There is a stone staircase leading up here.
The adder bites you but does no damage.
You hit the adder.
The adder is moderately wounded.
You block the adder's attack.
You hit the adder.
The adder is heavily wounded.
The adder barely misses you. The adder bites you.
You are poisoned.
The adder poisons you!
You completely miss the adder.
The adder is heavily wounded.
You feel sick. The adder barely misses you.
You barely miss the adder.
The adder is heavily wounded.
You feel sick. The adder barely misses you. You block the adder's attack.
You hit the adder.
The adder is almost dead.
You feel sick. The adder bites you.
You are lethally poisoned!
The adder poisons you!
You barely miss the adder.
The adder is almost dead.
* * * LOW HITPOINT WARNING * * *
You feel sick. The adder bites you.
* * * LOW HITPOINT WARNING * * *
You are more poisoned.
The adder poisons you! The adder barely misses you.
You hit the adder but do no damage.
The adder is almost dead.
You die...

## .# .#
#.# ..
#####.###
#.......#
##<...#
#@###.#
#.S## #..
#.. #..
... ##..
###


You could see an adder.

Vanquished Creatures
  2 dart slugs (D:1)
  A bat (D:1)
  An endoplasm (D:1)
  3 giant cockroaches (D:1)
  A goblin (D:1)
  3 hobgoblins (D:1)
  A kobold (D:1)
  2 ball pythons (D:1)
14 creatures vanquished.

Notes
Turn   | Place    | Note
-------+----------+-------------------------------------------
     0 | D:1      | Armakuni the Deep Elf Fighter began the quest for the Orb.
     0 | D:1      | Reached XP level 1. HP: 13/13 MP: 3/3
   200 | D:1      | Found a faded altar of an unknown god.
   313 | D:1      | Reached XP level 2. HP: 18/18 MP: 4/4
   948 | D:2      | Succumbed to an adder's poison

Illustrated notes

Levels and vault maps discovered:
D:1:      eino_arrival_tree_alley, layout_basic,
          hellmonk_ecumenical_altar_arch_garden
D:2:      layout_loops_corners, basic_altar

Action                   || total
-------------------------++-------
Melee: Rapier            ||    53
  Use: Scroll            ||     2
Armor: Scale mail        ||    18
Dodge: Dodged            ||    22
Block: Buckler           ||    10

Table legend: (Time is in decaauts)
 A = Elapsed time spent in this place.
 B = Non-inter-level travel time spent in this place.
 C = Inter-level travel time spent in this place.
 D = Time resting spent in this place.
 E = Time spent auto-exploring this place.
 F = Levels seen in this place.
 G = Mean time per level.
                   A        B        C        D        E       F      G
               +--------+--------+--------+--------+--------+-----+--------+
         Total |    954 |    924 |     30 |     50 |    688 |   2 |  477.0 |
       Dungeon |    954 |    924 |     30 |     50 |    688 |   2 |  477.0 |
               +--------+--------+--------+--------+--------+-----+--------+

Top non-repeatable levels by time:
     D:1: 945 daAuts
     D:2: 8 daAuts
